 Dungeon Crawl Stone Soup version 0.29-a0-362-g5854e031c7 (webtiles) character file.

Game seed: 11804509416982034759

12866 enile the Fighter (level 12, -1/100 HPs)
             Began as a Formicid Venom Mage on Apr 29, 2022.
             Was a High Priest of Cheibriados.
             Slain by a blink frog (15 damage)
             ... on level 1 of the Lair of Beasts.
             The game lasted 00:31:09 (18827 turns).

enile the Fighter (Formicid Venom Mage)            Turns: 18827, Time: 00:31:10

Health: -1/100     AC:  5    Str: 28    XL:     12   Next: 25%
Magic:  14/19      EV: 16    Int: 29    God:    Cheibriados [*****.]
Gold:   417        SH:  0    Dex: 26    Spells: 4/21 levels left

rFire   + . .      SeeInvis +     - Blade Hands
rCold   . . .      Faith    .   (shield currently unavailable)
rNeg    . . .      Spirit   .   z - +1 leather armour {rF+}
rPois   .          Reflect  .   (helmet unavailable)
rElec   .          Harm     .   (no cloak)
rCorr   .          Rampage  .   (gloves currently unavailable)
Will    +....                   (no boots)
Stlth   ++........              (no amulet)
HPRegen 0.26/turn               o - ring of wizardry
MPRegen 0.16/turn               (no ring)

@: blade hands (expiring), studying Armour, very slow
A: permanent stasis, dig shafts and tunnels, antennae 3, four strong arms
a: Dig, Shaft Self, End Transformation, Renounce Religion, Bend Time, Temporal
Distortion, Slouch, Step From Time


You were on level 1 of the Lair of Beasts.
You worshipped Cheibriados.
Cheibriados was extremely pleased with you.
You had blades for hands.
You visited 3 branches of the dungeon, and saw 12 of its levels.
You also visited: Bailey.

You collected 619 gold pieces.
You spent 202 gold pieces at shops.

Inventory:

Hand Weapons
 d - a +0 dagger
 l - a +2 dagger of freezing
 m - the +2 broad axe of Exquisite Torment (melded) {freeze, rC+}
   (You found it in a bailey)

   It freezes those it strikes, dealing additional cold damage.
   It can also slow down cold-blooded creatures.
   rC:        It protects you from cold.
 n - a +0 arbalest
 t - a +0 dagger of venom
 w - a +3 dagger of venom
 y - a +1 hand axe of electrocution
 G - a +3 vorpal trident
Missiles
 P - a throwing net
Armour
 a - a +0 robe
 i - an orb of light
 x - a +0 leather armour of poison resistance
 z - a +1 leather armour of fire resistance (worn)
 H - a +0 buckler (melded)
Jewellery
 o - a ring of wizardry (left blade hand)
 J - a ring of ice
 O - a ring of poison resistance
 T - a +4 ring of evasion
 U - a +6 ring of dexterity
Wands
 f - a wand of polymorph (11)
 h - a wand of iceblast (9)
 q - a wand of flame (10)
Scrolls
 g - 2 scrolls of enchant weapon
 j - 4 scrolls of noise
 k - 3 scrolls of fog
 p - 2 scrolls of fear
 s - a scroll of holy word
 C - 3 scrolls of immolation
 E - a scroll of amnesia
 F - 2 scrolls of teleportation
 I - a scroll of vulnerability
 K - 4 scrolls of identify
 L - a scroll of blinking {unknown}
 Q - a scroll of magic mapping
Potions
 b - a potion of magic
 c - a potion of attraction
 e - 3 potions of might
 r - a potion of heal wounds
 u - 2 potions of invisibility {unknown}
 v - 4 potions of mutation {unknown}
 A - 4 potions of haste {unknown}
 B - 9 potions of curing {unknown}
 D - 3 potions of degeneration {unknown}
 M - 2 potions of flight {unknown}
 N - a potion of brilliance
 R - a potion of lignification {unknown}
Miscellaneous
 S - a box of beasts (inert)


   Skills:
 - Level 11.0 Fighting
 - Level 3.0 Short Blades
 + Level 10.7 Armour
 - Level 5.5 Dodging
 - Level 7.0 Stealth
 - Level 2.0 Shields
 - Level 5.0 Spellcasting
 - Level 5.0 Translocations
 - Level 8.0 Transmutations
 - Level 5.0 Poison Magic
 - Level 0.2 Invocations
 - Level 7.0 Evocations


You had 4 spell levels left.
You knew the following spells:

 Your Spells              Type           Power      Damage    Failure   Level
a - Sting                 Tmut/Pois      100%       1d8       4%          1
b - Mephitic Cloud        Conj/Pois/Air  16%        N/A       21%         3
c - Olgreb's Toxic Radia  Pois           36%        N/A       19%         4
d - Blade Hands           Tmut           26%        N/A       16%         5
e - Passage of Golubria   Tloc           36%        N/A       19%         4

Your spell library contained the following spells:

 Spells                   Type           Power      Damage    Failure   Level
 Poisonous Vapours        Pois/Air       42%        N/A       12%         2
 Portal Projectile        Hex/Tloc       42%        N/A       16%         3
 Tukima's Dance           Hex            7%         N/A       32%         3
 Yara's Violent Unravell  Hex/Tmut       15%        3d8       43%         5
 Excruciating Wounds      Necr           3%         N/A       85%         5
 Borgnjor's Revivificati  Necr           3%         N/A       100%        8
 Necromutation            Tmut/Necr      15%        N/A       100%        8
 Death's Door             Necr           3%         N/A       100%        9


Dungeon Overview and Level Annotations

Branches:
Dungeon (10/15)            Temple (1/1) D:4            Lair (1/6) D:10
 Bailey (visited)
    Orc: D:9-12

Altars:
Ashenzari
Cheibriados
Dithmenos
Elyvilon
Fedhas
Gozag
Hepliaklqana
Kikubaaqudgha
Makhleb
Okawaru
Qazlal
Ru
Sif Muna
Trog
Uskayaw
Vehumet
Xom
Yredelemnul
Zin
The Shining One

Shops:
D:5 [   D:7 *?

Annotations:
D:3 2 runed translucent doors, HendSelp's ghost, weakling TeMo
D:5 2 transporters, DocClef's ghost, weakling GnDe


Innate Abilities, Weirdness & Mutations

You have blades for hands.
Your spellcasting is less reliable in this form.
You are incapable of wielding weapons or throwing items.
You cannot be hasted, slowed, berserked, paralysed or teleported.
You can dig through walls and to a lower floor.
You have a pair of large antennae on your head. (SInv)
Your four strong arms can wield two-handed weapons with a shield.


Message History

You are no longer poisoned.
Cheibriados thoroughly appreciates the change of pace.
You feel a bit more experienced.
You enter the shallow water.
Moving in this stuff is going to be slow.
You start resting.
You sense a monster nearby.
You start resting.
A blink frog is nearby!
A blink frog is nearby!
What are your orders? t - Shout!
Orders for allies: a - Attack new target. r - Retreat! s - Stop attacking. g - Guard the area. f - Follow me.
Anything else - Cancel.
Gang up on whom?
Press: ? - help, Dir - move target, f - blink frog
Aim: a blink frog Attack!
The blink frog blinks!
Your juvenile batsting beast barely misses the blink frog.
Your juvenile batsting beast hits the blink frog.
Your juvenile batsting beast barely misses the blink frog.
The blink frog blinks!
Your juvenile batsting beast disappears in a puff of smoke!
A blink frog is nearby!
Okay, then.
Casting: Blade Hands (dangerous; 3% risk of failure)
Confirm with . or Enter, or press ? or * to list all spells.
Your hands turn into razor-sharp scythe blades.
The +2 broad axe of Exquisite Torment {freeze, rC+} melds into your body.
Your +0 buckler melds into your body.
The +2 broad axe of Exquisite Torment {freeze, rC+} stops glowing.
The blink frog hits you but does no damage.
The blink frog hits you!
* * * LOW HITPOINT WARNING * * *
You slash the blink frog!
The blink frog is severely wounded.
The blink frog hits you!
You die...

### ### ##@### ####
#####.#########≈F≈≈######.P######
...............≈≈≈≈.......†......
#.####.####...≈≈≈≈≈####...[...###
#.# ### ##..#≈≈≈≈≈# #.......# #.#
#...≈≈≈≈≈.# #>.......# #.#
##..≈≈≈≈≈.# ........## #.#
#.≈≈≈≈≈..# ##...{...# #.#
#.≈≈≈≈≈..# ........#


You could see a blink frog.

Vanquished Creatures
  2 cane toads (Lair:1)
  2 trolls (D:10)
  A hornet (D:9)
  Sigmund (D:5)
  Eustachio (D:6)
  3 wyverns
  6 yaks (D:9)
  An acid dragon (D:5)
  2 water moccasins
  12 orc warriors
  2 ice beasts (D:7)
  2 sky beasts (D:7)
  2 black bears
  3 wolves (Lair:1)
  17 centaurs
  6 kobold brigands
  2 gnoll sergeants
  4 bullfrogs
  6 scorpions
  3 wights (D:6)
  2 howler monkeys
  2 gnoll shamans
  2 hounds
  A jelly (D:5)
  7 orc priests
  Crazy Yiuf (D:6)
  An iguana (D:6)
  5 orc wizards
  Natasha (thrice) (D:4)
  Robin (D:3)
  20 gnolls
  7 adders
  A shadow imp (D:5)
  2 ufetubi
  3 worms
  4 dart slugs
  69 orcs
  3 bats
  4 endoplasms
  3 giant cockroaches
  9 hobgoblins
  8 quokkas
  4 ball pythons
  2 frilled lizards
  16 goblins
  39 kobolds
  7 rats
304 creatures vanquished.

Vanquished Creatures (collateral kills)
  A blink frog (Lair:1)
1 creature vanquished.

Vanquished Creatures (others)
  2 fungi (Lair:1)
  7 plants (D:4)
9 creatures vanquished.

Grand Total: 314 creatures vanquished

Notes
Turn   | Place    | Note
-------+----------+-------------------------------------------
     0 | D:1      | enile the Formicid Venom Mage began the quest for the Orb.
     0 | D:1      | Reached XP level 1. HP: 13/13 MP: 3/3
    98 | D:1      | Reached skill level 1 in Fighting
   135 | D:1      | Reached XP level 2. HP: 22/22 MP: 1/5
   271 | D:1      | Reached skill level 2 in Fighting
   569 | D:1      | Reached XP level 3. HP: 28/28 MP: 0/6
   635 | D:1      | Learned a level 3 spell: Mephitic Cloud
   640 | D:1      | Found a faded altar of an unknown god.
  1108 | D:1      | Prayed at the altar of an unknown god.
  1108 | D:1      | Became a worshipper of Elyvilon the Healer
  1108 | D:1      | Reached * piety under Elyvilon
  1380 | D:2      | Reached skill level 3 in Fighting
  1588 | D:2      | Noticed a scorpion
  1609 | D:2      | Killed a scorpion
  1610 | D:2      | Reached XP level 4. HP: 35/35 MP: 0/7
  2146 | D:2      | Reached XP level 5. HP: 40/41 MP: 9/9
  2466 | D:3      | Found a large runed translucent door.
  2468 | D:3      | Found a large runed translucent door.
  2472 | D:3      | Noticed HendSelp's ghost (weakling TeMo)
  2483 | D:3      | Learned a level 4 spell: Olgreb's Toxic Radiance
  2484 | D:3      | Reached ** piety under Elyvilon
  2775 | D:3      | Noticed Robin
  2780 | D:3      | Killed Robin
  2879 | D:3      | Reached skill level 5 in Poison Magic
  2893 | D:3      | Found an iron altar of Okawaru.
  2901 | D:3      | Reached XP level 6. HP: 45/47 MP: 5/10
  3286 | D:3      | Reached skill level 1 in Evocations
  3502 | D:4      | Noticed Natasha
  3507 | D:4      | Killed Natasha
  3827 | D:4      | Reached XP level 7. HP: 20/52 MP: 6/11
  4075 | D:4      | Noticed Natasha
  4086 | D:4      | Killed Natasha
  4159 | D:4      | Noticed Natasha
  4163 | D:4      | Killed Natasha
  4343 | D:4      | Reached skill level 5 in Evocations
  4481 | D:4      | Found a staircase to the Ecumenical Temple.
  4516 | Temple   | Entered the Ecumenical Temple
  4819 | Temple   | Fell from the grace of Elyvilon
  4819 | Temple   | Became a worshipper of Cheibriados the Contemplative
  5127 | D:5      | Entered Level 5 of the Dungeon
  5127 | D:5      | Found Kilu's Antique Armour Shop.
  5135 | D:5      | Reached skill level 1 in Short Blades
  5489 | D:5      | Noticed an acid dragon
  5502 | D:5      | Noticed Sigmund
  5797 | D:5      | Bought a runed leather armour for 150 gold pieces
  5817 | D:5      | Found a transporter.
  5818 | D:5      | Noticed DocClef's ghost (weakling GnDe)
  5884 | D:5      | Reached skill level 4 in Fighting
  6029 | D:5      | Killed an acid dragon
  6030 | D:5      | Reached skill level 5 in Fighting
  6030 | D:5      | Reached XP level 8. HP: 25/62 MP: 7/12
  6232 | D:5      | Found a transporter.
  6304 | D:5      | Killed Sigmund
  6491 | D:5      | Reached * piety under Cheibriados
  6948 | D:5      | Found a white marble altar of Elyvilon.
  6948 | D:5      | Found a glowing golden altar of the Shining One.
  6948 | D:5      | Found a glowing silver altar of Zin.
  7004 | D:6      | Noticed Eustachio
  7024 | D:6      | Killed Eustachio
  7690 | D:5      | Reached XP level 9. HP: 51/68 MP: 11/15
  8617 | D:6      | Reached skill level 5 in Transmutations
  8638 | D:6      | Learned a level 5 spell: Blade Hands
  8923 | D:6      | Reached skill level 6 in Fighting
  8975 | D:6      | Found a runed translucent door.
  8976 | D:6      | Noticed Crazy Yiuf
  9233 | D:6      | Found a hide-covered altar of Uskayaw.
  9355 | D:6      | Found a shimmering altar of Xom.
  9806 | D:6      | Killed Crazy Yiuf
 10034 | D:7      | Found Cattub's Gadget Gallery.
 10108 | D:7      | Found a flagged portal.
 10189 | Bailey   | Entered a bailey
 10191 | Bailey   | Reached ** piety under Cheibriados
 11429 | Bailey   | Reached skill level 5 in Spellcasting
 11788 | Bailey   | Reached XP level 10. HP: 28/77 MP: 5/17
 12028 | Bailey   | Reached skill level 7 in Fighting
 12142 | Bailey   | Reached *** piety under Cheibriados
 12333 | Bailey   | Reached skill level 8 in Fighting
 12333 | Bailey   | Reached skill level 1 in Shields
 13072 | Bailey   | Identified the +2 broad axe of Exquisite Torment {freeze,
                  | rC+}
 13078 | Bailey   | Reached skill level 9 in Fighting
 13078 | Bailey   | Reached skill level 5 in Dodging
 13078 | Bailey   | Reached XP level 11. HP: 90/90 MP: 18/18
 13810 | D:7      | Found an ancient bone altar of Kikubaaqudgha.
 13839 | D:7      | Reached skill level 10 in Fighting
 13840 | D:7      | Reached **** piety under Cheibriados
 14191 | D:7      | Found Ekeoci's Magic Scroll Emporium.
 14194 | D:7      | Bought 2 scrolls of identify for 52 gold pieces
 14477 | D:8      | Noticed a six-headed hydra
 14801 | D:8      | Found a radiant altar of Vehumet.
 14954 | D:8      | Found a stormy altar of Qazlal.
 15333 | D:8      | Reached ***** piety under Cheibriados
 15943 | D:9      | Learned a level 4 spell: Passage of Golubria
 16041 | D:9      | Reached skill level 1 in Translocations
 16647 | D:9      | Noticed a red ugly thing
 16687 | D:10     | Entered Level 10 of the Dungeon
 17031 | D:10     | Noticed Erolcha
 17035 | D:10     | Noticed Erolcha
 17035 | D:10     | Erolcha changed into Erolcha the centaur
 17039 | D:10     | Killed Erolcha the centaur
 17040 | D:10     | Reached XP level 12. HP: 95/99 MP: 15/19
 17672 | D:10     | Reached skill level 5 in Translocations
 17741 | D:10     | Found a shimmering blue altar of Sif Muna.
 17759 | D:10     | Found a staircase to the Lair.
 18406 | Lair:1   | Entered Level 1 of the Lair of Beasts
 18444 | Lair:1   | Reached skill level 11 in Fighting
 18662 | Lair:1   | Reached skill level 10 in Armour
 18827 | Lair:1   | Slain by a blink frog

Illustrated notes

Levels and vault maps discovered:
D:1:      minmay_arrival_loop, layout_loops_cross,
          hellmonk_ecumenical_altar_leap_of_faith, minmay_small_reverse_x
D:2:      kb_forest_paths, layout_rooms, minmay_heptomino_l4
D:3:      layout_basic, okawaru_ov_weapons_minmay, ebering_ghost_disaster_area,
          hangedman_decor_opposing, uniq_robin
D:4:      layout_rooms, minmay_temple_entry_overgrown, uniq_natasha
D:5:      layout_rooms, dreamdust_divine_triumvirate, gammafunk_ghost_mausoleum,
          nicolae_stop_n_shop_1, uniq_sigmund
D:6:      layout_loops_ring, mainiacjoe_overflow_small_starburst,
          mainiacjoe_overflow_six_doors_small, patterned_corridor,
          uniq_eustachio, uniq_crazy_yiuf_cottage
D:7:      layout_basic, nicolae_kikubaaqudgha_miasma_corner, enter_bailey_8,
          serial_shops, kennysheep_mini, grunt_ministairs_10,
          nicolae_shop_gadgets
D:8:      layout_cave_pods, grunt_qazlal_clouds,
          gammafunk_temple_overflow_elements, nicolae_vehumet_radiance,
          eino_small_chamber_without_monster
D:9:      layout_loops_cross
D:10:     layout_gridville, general_overflow_altar, lair_entry_dummy,
          minivault_24, uniq_erolcha
Temple:   jpeg_temple_alley_garden
Lair:1:   wander_river, layout_long_grid, uniq_nergalle

Skill      XL: |  1  2  3  4  5  6  7  8  9 10 11 12 |
---------------+-------------------------------------+-----
Fighting       | 1 2 3 5 6 9 10 11 | 11.0
Dodging        | 3 5 |  5.5
Spellcasting   | 3 4 5 |  5.0
Transmutations | 2 4 8 |  8.0
Poison Magic   | 5 |  5.0
Evocations     | 4 5 7 |  7.0
Short Blades   | 2 3 |  3.0
Armour         | 3 8 9 10 | 10.7
Shields        | 2 |  2.0
Stealth        | 7 |  7.0
Translocations | 4 5 |  5.0
Invocations    | |  0.2

Action                   |  1- 3 |  4- 6 |  7- 9 | 10-12 || total
-------------------------+-------+-------+-------+-------++-------
Melee: Dagger            |    23 |    36 |    87 |       ||   146
       Unarmed           |     2 |       |    16 |    30 ||    48
       Punch             |     2 |       |     1 |       ||     3
       Hand axe          |       |       |     6 |       ||     6
       Trident           |       |       |    56 |    41 ||    97
       Broad axe         |       |       |       |    66 ||    66
 Fire: Arbalest          |       |    38 |    17 |       ||    55
 Cast: Sting             |    40 |    14 |       |     1 ||    55
       Olgreb's Toxic Ra |       |    10 |    58 |   101 ||   169
       Blade Hands       |       |       |     5 |     6 ||    11
       Mephitic Cloud    |       |       |       |     2 ||     2
       Passage of Golubr |       |       |       |     4 ||     4
Evoke: Wand              |       |       |    11 |     3 ||    14
       Box of beasts     |       |       |       |     1 ||     1
  Use: Scroll            |       |     5 |     6 |     4 ||    15
       Potion            |       |       |     6 |     2 ||     8
 Stab: Sleeping          |       |     1 |     2 |     3 ||     6
Armor: Robe              |     3 |     9 |       |       ||    12
       Leather armour    |       |     3 |    49 |    34 ||    86
Dodge: Dodged            |    25 |    39 |   151 |   168 ||   383
Block: Buckler           |       |       |    10 |    51 ||    61

Table legend: (Time is in decaauts)
 A = Elapsed time spent in this place.
 B = Non-inter-level travel time spent in this place.
 C = Inter-level travel time spent in this place.
 D = Time resting spent in this place.
 E = Time spent auto-exploring this place.
 F = Levels seen in this place.
 G = Mean time per level.
                   A        B        C        D        E       F      G
               +--------+--------+--------+--------+--------+-----+--------+
         Total |  21920 |  21087 |    833 |   2311 |  15751 |  13 | 1686.2 |
       Dungeon |  17428 |  16704 |    724 |   1765 |  12764 |  10 | 1742.8 |
        Temple |    355 |    247 |    108 |      0 |    239 |   1 |  355.0 |
          Lair |    542 |    542 |      0 |      9 |    409 |   1 |  542.0 |
        Bailey |   3593 |   3593 |      0 |    536 |   2338 |   1 | 3593.0 |
               +--------+--------+--------+--------+--------+-----+--------+

Top non-repeatable levels by time:
  Bailey: 3593 daAuts
     D:5: 2958 daAuts
    D:10: 2320 daAuts
     D:7: 2044 daAuts
     D:6: 2037 daAuts
     D:8: 1845 daAuts
     D:4: 1630 daAuts
     D:1: 1437 daAuts
     D:9: 1068 daAuts
     D:3: 1060 daAuts
     D:2: 1023 daAuts
  Lair:1: 542 daAuts
  Temple: 355 daAuts
